 Dungeon Sprint DCSS version 0.31-a0-18-gea43df2a32 (webtiles) character file.

Game seed: 4961365649060129414

2769 sircluck the Grappler (level 9, -2/100 HPs)
             Began as a Troll Berserker on May 10, 2023.
             Was a High Priest of Trog.
             Slain by a centaur warrior (6 damage)
             ... in the Dungeon (Sprint II: "The Violet Keep of Menkaure").
             The game lasted 00:03:05 (433 turns).

sircluck the Grappler (Troll Berserker)              Turns: 433, Time: 00:03:07

Health: -2/100     AC:  4    Str: 31    XL:     9   Next: 42%
Magic:  8/8        EV: 12    Int:  3    God:    Trog [*****.]
Gold:   402        SH:  0    Dex:  9    Spells: 8/8 levels left

rFire   . .          .
                       - Unarmed
rCold   . . .        (no shield)
rNeg    . . .        a - +0 animal skin
rPois   .            (helmet restricted)
rElec   .            (no cloak)
rCorr   .            (gloves unavailable)
SInv    .            (boots unavailable)
Will    .....        h - amulet of regeneration
Stlth   +            i - ring of flight
HPRegen 1.96/turn    (no ring)
MPRegen 0.11/turn

%: no teleportation
@: on berserk cooldown, flying, slowed, very slow
A: large, unfitting armour, claws 3, regeneration 1, shaggy fur 1, tough skin 1
a: Renounce Religion, Berserk, Trog's Hand, Brothers in Arms


You were in the Dungeon.
You worshipped Trog.
Trog was extremely pleased with you.
You visited 1 branch You collected 972 gold pieces.
You spent 570 gold pieces at shops.

Inventory:

Armour
 a - a +0 animal skin (worn)
Jewellery
 h - an amulet of regeneration (around neck)
 i - a ring of flight (left claw)
Scrolls
 g - a scroll of blinking
Potions
 b - a potion of curing
 d - a potion of haste
 e - 2 potions of magic
 f - a potion of berserk rage


   Skills:
 + Level 9.5 Fighting
 + Level 10.9 Dodging
 + Level 14.7 Unarmed Combat


You had 8 spell levels left.
You didn't know any spells.
Your spell library was empty.

Dungeon Overview and Level Annotations

Branches:
Dungeon (1/1)

Altars:

Shops:
D *::([=*!!=[*?[:

Annotations:
D exclusion: oklob plant


Innate Abilities, Weirdness & Mutations

You are too large for most types of armour.
You have claws for hands.
Your natural rate of healing is unusually fast.
You are covered in fur. (AC +1)
You have tough skin. (AC +1)


Message History

You are exhausted.
You feel yourself slow down.
The yaktaur captain wields a +0 arbalest.
The yaktaur captain shoots a bolt.
The bolt hits you!!!
The crimson imp blinks!
The centaur warrior wields a +0 shortbow.
The centaur warrior shoots an arrow.
The arrow hits you!!
Your Unarmed Combat skill gained 2 levels and is now at level 14!
You have reached level 9!
Your experience leads to an increase in your attributes!
Increase (S)trength, (I)ntelligence, or (D)exterity?
You feel stronger. x3
The centaur warrior unwields a +0 shortbow.
The centaur warrior hits you!
* * * LOW HITPOINT WARNING * * *
The centaur warrior kicks you.
* * * LOW HITPOINT WARNING * * *
The kobold demonologist mumbles some strange words.
The yaktaur captain unwields a +0 arbalest.
The yaktaur captain hits you!!
* * * LOW HITPOINT WARNING * * *
The centaur warrior misses you. The centaur warrior kicks you.
* * * LOW HITPOINT WARNING * * *
You see here the human corpse of Kirke.
You feel much better. The centaur warrior hits you.
* * * LOW HITPOINT WARNING * * *
The centaur warrior kicks you.
* * * LOW HITPOINT WARNING * * *
The crimson imp blinks!
The yaktaur captain hits you!
* * * LOW HITPOINT WARNING * * *
The centaur warrior barely misses you. The centaur warrior closely misses you.
The kobold demonologist casts a cantrip, but nothing happens.
The yaktaur captain misses you.
You claw the centaur warrior!
The centaur warrior is moderately wounded.
The centaur warrior barely misses you.
The centaur warrior completely misses you.
The yaktaur captain hits you!
* * * LOW HITPOINT WARNING * * *
The centaur warrior hits you.
You die... §§≈≈≈§. ≈§.≈§ #### §≈≈.§ #5Yc#### zzz #5Kc@.~## zzz

############~~#+++#+++##
###########~~~.........#
##........#~~~~.##'##
##...⌠....#~~~~##.#.##
##....∩...#~~~~#.##..#
##.∩.∩.∩..#~~#####..####
##∩.∩.∩.∩.#~##.###'###.##
##.∩...∩.∩#~##..##.##...#


You could see a yaktaur captain, an elephant, a centaur warrior, a kobold
demonologist, a crimson imp (summoned) and a shadow imp (summoned).

Vanquished Creatures
  Kirke (D)
  2 boulder beetles (D)
  Menkaure (D)
  4 scorpions (D)
  4 necrophages (D)
  3 worms (D)
15 creatures vanquished.

Notes
Turn   | Place    | Note
-------+----------+-------------------------------------------
     0 | D        | sircluck the Troll Berserker began the quest for the Orb.
     0 | D        | Reached XP level 1. HP: 22/22 MP: 0/0
     5 | D        | Noticed a necrophage
     5 | D        | Noticed a necrophage
     5 | D        | Noticed a necrophage
     5 | D        | Noticed a necrophage
    13 | D        | Killed a necrophage
    14 | D        | Reached skill level 5 in Unarmed Combat
    14 | D        | Reached XP level 2. HP: 29/32 MP: 1/1
    14 | D        | Reached XP level 3. HP: 35/39 MP: 2/2
    18 | D        | Killed a necrophage
    19 | D        | Reached skill level 5 in Fighting
    19 | D        | Reached skill level 5 in Dodging
    19 | D        | Reached skill level 6 in Unarmed Combat
    19 | D        | Reached XP level 4. HP: 45/50 MP: 3/3
    20 | D        | Killed a necrophage
    20 | D        | Reached ** piety under Trog
    21 | D        | Reached skill level 7 in Unarmed Combat
    21 | D        | Reached XP level 5. HP: 55/59 MP: 4/4
    47 | D        | Noticed a boulder beetle
    47 | D        | Noticed a boulder beetle
    58 | D        | Killed a boulder beetle
    59 | D        | Reached skill level 10 in Unarmed Combat
    59 | D        | Reached XP level 6. HP: 28/72 MP: 5/5
    59 | D        | Reached XP level 7. HP: 31/80 MP: 6/6
    63 | D        | HP: 2/80 [boulder beetle (20)]
   154 | D        | Killed a boulder beetle
   154 | D        | Reached *** piety under Trog
   155 | D        | Reached skill level 12 in Unarmed Combat
   155 | D        | Reached XP level 8. HP: 52/89 MP: 7/7
   212 | D        | Noticed a flying skull
   212 | D        | Noticed a flying skull
   212 | D        | Noticed a flying skull
   212 | D        | Noticed a flying skull
   212 | D        | Noticed a flying skull
   212 | D        | Noticed a flying skull
   213 | D        | Noticed a flying skull
   213 | D        | Noticed a flying skull
   213 | D        | Noticed a flying skull
   213 | D        | Noticed a flying skull
   213 | D        | Noticed a flying skull
   215 | D        | Noticed a flying skull
   235 | D        | Reached **** piety under Trog
   266 | D        | Found Leza's Book Shop.
   266 | D        | Found Nahudgh's Armour Boutique.
   266 | D        | Found Ozesijai's Antique Armour Shop.
   266 | D        | Found Tyuleol's Assorted Antiques.
   266 | D        | Found Rennudede's Distillery.
   266 | D        | Found Faonoitudo's Jewellery Boutique.
   266 | D        | Found Plog's Distillery.
   267 | D        | Found Mycum's General Store.
   268 | D        | Found Peickus's Jewellery Shop.
   269 | D        | Found Fumoul's Magic Scroll Boutique.
   270 | D        | Found Ketublun's Antique Armour Shop.
   270 | D        | Found Tinat's Antique Weapon Boutique.
   270 | D        | Noticed Menkaure
   270 | D        | Noticed an oklob plant
   271 | D        | Found Hoorosem's Book Shop.
   271 | D        | Found Gigungam's Assorted Antiques.
   271 | D        | Found Tyoc's Book Shoppe.
   282 | D        | Killed Menkaure
   283 | D        | Reached skill level 10 in Dodging
   295 | D        | Bought an amulet of regeneration for 360 gold pieces
   298 | D        | Noticed an iron elemental
   313 | D        | Bought a ring of flight for 210 gold pieces
   410 | D        | Noticed a centaur warrior
   410 | D        | Noticed Kirke
   410 | D        | Noticed a kobold demonologist
   411 | D        | Noticed an elephant
   411 | D        | Noticed a yaktaur captain
   411 | D        | Noticed a skeletal warrior
   430 | D        | Killed Kirke
   430 | D        | Reached ***** piety under Trog
   431 | D        | Reached skill level 14 in Unarmed Combat
   431 | D        | Reached XP level 9. HP: 41/100 MP: 8/8
   433 | D        | HP: 4/100 [yaktaur captain (16)]
   433 | D        | Slain by a centaur warrior

Illustrated notes

Levels and vault maps discovered:
D:        the_violet_keep_of_menkaure [sprint2_stairs_cluster_1,
          sprint2_shoproom, sprint2_temple, sprint2_basic_supplies,
          sprint2_obstacle_6, sprint2_obstacle_3, sprint2_obstacle_1,
          sprint2_obstacle_4, sprint2_obstacle_5, sprint2_timed_cluster_1,
          sprint2_smallroom_cluster_1, sprint2_smallroom_final_cluster_1,
          sprint2_transparent_cluster_1, sprint2_second_timed_cluster_1,
          sprint2_sniper_area_1, sprint2_heavy_combat_area_1,
          sprint2_mutation_trap_area_1, sprint2_forest_area_1,
          sprint2_light_combat_area_1, sprint2_behind_water_1,
          sprint2_near_end_vault_1]

Skill      XL: |  1  2  3  4  5  6  7  8 |
---------------+-------------------------+-----
Fighting       | 4 5 8 9 |  9.5
Dodging        | 4 5 8 9 10 | 10.9
Unarmed Combat | 5 6 7 10 12 14 | 14.7

Action                     |  1- 3 |  4- 6 |  7- 9 || total
---------------------------+-------+-------+-------++-------
  Melee: Unarmed           |    11 |    13 |    50 ||    74
         Punch             |       |     1 |     3 ||     4
 Invoke: Berserk           |       |     1 |     1 ||     2
    Use: Potion            |       |       |     1 ||     1
 Armour: Animal skin       |     1 |       |       ||     1
  Dodge: Dodged            |     5 |     5 |    17 ||    27

Table legend: (Time is in decaauts)
 A = Elapsed time spent in this place.
 B = Non-inter-level travel time spent in this place.
 C = Inter-level travel time spent in this place.
 D = Time resting spent in this place.
 E = Time spent auto-exploring this place.
 F = Levels seen in this place.
 G = Mean time per level.
                   A        B        C        D        E       F      G
               +--------+--------+--------+--------+--------+-----+--------+
         Total |    424 |    411 |     13 |    153 |    101 |   1 |  424.0 |
       Dungeon |    424 |    411 |     13 |    153 |    101 |   1 |  424.0 |
               +--------+--------+--------+--------+--------+-----+--------+

Top non-repeatable levels by time:
       D: 424 daAuts
